 Dungeon Crawl Stone Soup version 0.31.0-12-g77e489cdc1 (webtiles) character file.

Game seed: 15426283804714626809

357 PaiMei the Grave Robber (level 6, -1/46 HPs)
             Began as a Demonspawn Necromancer on Feb 26, 2024.
             Splashed by a jelly's acid (5 damage)
             ... on level 4 of the Dungeon.
             The game lasted 00:06:00 (3785 turns).

PaiMei the Grave Robber (Demonspawn Necromancer)    Turns: 3785, Time: 00:06:01

Health: -1/46      AC: -2    Str:  9      XL:     6   Next: 36%
Magic:  0/11       EV: 11    Int: 17      God:
Gold:   148        SH:  0    Dex:  6 (13) Spells: 4/12 levels left

rFire   + . .        q - +4 dagger
rCold   . . .        (no shield)
rNeg    . . .        g - +2 leather armour {rF+}
rPois   .            (no helmet)
rElec   .            (no cloak)
rCorr   .            a - +0 pair of gloves
SInv    .            (no boots)
Will    .....        (no amulet)
Stlth   +            (no ring)
HPRegen 0.27/turn    (no ring)
MPRegen 0.24/turn

%: guardian spirit
@: corroded
A: ignite blood 1, magic shield, magic regeneration, demonic touch 1
a: no special abilities


You were on level 4 of the Dungeon.
You visited 1 branch of the dungeon, and saw 4 of its levels.

You collected 148 gold pieces.

Inventory:

Hand Weapons
 q - a +4 dagger (weapon)
 B - a +1 flail of protection
Missiles
 t - 5 poisoned darts (quivered)
 C - 2 throwing nets
Armour
 a - a +0 pair of gloves (worn)
 g - a +2 leather armour of fire resistance (worn)
Jewellery
 D - a ring of protection from fire
Wands
 d - a wand of iceblast (9)
Scrolls
 c - 2 scrolls of fog {unknown}
 f - a scroll of poison {unknown}
 i - 2 scrolls of noise {unknown}
 l - a scroll of immolation
 m - 2 scrolls of teleportation {unknown}
 o - a scroll of silence {unknown}
 p - 2 scrolls of enchant armour {unknown}
 s - a scroll of torment {unknown}
 u - a scroll of vulnerability {unknown}
 v - a scroll of blinking {unknown}
 w - a scroll of brand weapon {unknown}
 y - a scroll of enchant weapon {unknown}
Potions
 b - 2 potions of magic
 e - a potion of curing {unknown}
 h - a potion of might {unknown}
 j - a potion of lignification {unknown}
 k - 2 potions of cancellation {unknown}
 n - a potion of brilliance {unknown}
 r - a potion of resistance {unknown}
 x - a potion of berserk rage {unknown}
 z - a potion of invisibility {unknown}
 A - a potion of haste {unknown}


   Skills:
 + Level 2.9 Fighting
 + Level 3.3 Dodging
 - Level 2.0 Stealth
 + Level 3.5 Spellcasting
 + Level 5.6 Necromancy


You had 4 spell levels left.
You knew the following spells:

 Your Spells              Type           Power      Damage    Failure   Level
a - Necrotise             Necr           88%        1d8       2%          1
b - Vampiric Draining     Necr           22%        2d7       7%          3
c - Animate Dead          Necr           22%        N/A       22%         4

Your spell library contained the following spells:

 Spells                   Type           Power      Damage    Failure   Level
 Slow                     Hex            8%         N/A       24%         1
 Static Discharge         Conj/Air       4%         3-4/arc   34%         2
 Confusing Touch          Hex            2%         N/A       56%         3
 Sigil of Binding         Hex            2%         N/A       56%         3
 Tukima's Dance           Hex            2%         N/A       56%         3
 Airstrike                Air            1%         2d(1-17)  93%         4
 Dimensional Bullseye     Hex/Tloc       1%         N/A       93%         4
 Iskenderun's Mystic Bla  Conj/Tloc      2%         2d3       93%         4
 Summon Lightning Spire   Summ/Air       2%         N/A       93%         4
 Vhi's Electric Charge    Tloc/Air       4%         N/A       93%         4
 Curse of Agony           Necr           22%        N/A       54%         5
 Arcjolt                  Conj/Air       1%         1d11      100%        5
 Plasma Beam              Fire/Air       1%         2x1d11    100%        6


Dungeon Overview and Level Annotations

Branches:
Dungeon (4/15)
 Temple: D:4-7

Altars:
Sif Muna


Innate Abilities, Weirdness & Mutations

Your demonic aura sometimes causes spilled blood to erupt in flames.
When hurt, damage is shared between your health and your magic reserves.
You regenerate magic rapidly.
Your touch may inflict minor irresistible damage on your foes.


Message History

You hit the quasit but do no damage.
You touch the quasit!
You kill the quasit!
The jelly hits your adder skeleton.
Your adder skeleton is splashed with acid!
The acid corrodes your adder skeleton!
Casting: Necrotise (safe; 2% risk of failure)
Confirm with . or Enter, or press ? or * to list all spells.
You can't see any susceptible monsters within range! (Use Z to cast anyway.)
You swap places.
Your adder skeleton crumbles into dust!
The jelly hits you. The acid corrodes you!
You are splashed with acid.
Casting: Necrotise (safe; 2% risk of failure)
Confirm with . or Enter, or press ? or * to list all spells.
Aiming: Necrotise (safe; 2% risk of failure)
Press: ? - help, Shift-Dir - straight line, f - jelly
Aim: a jelly (chance to affect: 86%)
The jelly writhes in agony!
The jelly hits you. The acid corrodes you!
You are splashed with acid!
The ufetubus hits you. x2
Casting: Necrotise (safe; 2% risk of failure)
Confirm with . or Enter, or press ? or * to list all spells.
Aiming: Necrotise (safe; 2% risk of failure)
Press: ? - help, Shift-Dir - straight line, f/p - jelly
Aim: a jelly (heavily wounded, chance to affect: 86%)
The jelly writhes in agony.
The ufetubus hits you. The ufetubus misses you. The jelly hits you.
You are splashed with acid.
Casting: Necrotise (safe; 2% risk of failure)
Confirm with . or Enter, or press ? or * to list all spells.
Aiming: Necrotise (safe; 2% risk of failure)
Press: ? - help, Shift-Dir - straight line, f/p - jelly
Aim: a jelly (severely wounded, chance to affect: 86%)
The jelly writhes in agony.
The ufetubus barely misses you. The ufetubus hits you.
* * * LOW HITPOINT WARNING * * *
The ufetubus slips past you! The ufetubus barely misses you.
The ufetubus hits you.
* * * LOW HITPOINT WARNING * * *
The jelly hits you.
* * * LOW HITPOINT WARNING * * *
You are splashed with acid.
You die...

#....###
#......
##...###
.#.####
#....##wo
.#.#
#(.)##
./h#.#.#
#...#
o$#. ..
#...# ###
##'##
#.5# #@##
#.....J#
#.......
#.......#
#..§§§..#
#...§§.##
#....§.#
#......#


You could see a jelly and an ufetubus.

Vanquished Creatures
  2 quasits (D:4)
  2 orc priests (D:3)
  A bombardier beetle (D:3)
  A hound (D:4)
  3 gnolls (D:3)
  4 adders
  2 white imps (D:4)
  2 dart slugs
  A ribbon worm (D:2)
  10 orcs
  8 bats
  7 endoplasms
  2 giant cockroaches
  3 hobgoblins
  3 jackals (D:2)
  9 kobolds
  3 quokkas
  8 ball pythons
  7 frilled lizards
  2 goblins (D:3)
  6 rats
86 creatures vanquished.

Vanquished Creatures (collateral kills)
  A dart slug (D:2)
  2 ball pythons (D:2)
  An endoplasm (D:1)
  A quokka (D:1)
5 creatures vanquished.

Grand Total: 91 creatures vanquished

Notes
Turn   | Place    | Note
-------+----------+-------------------------------------------
     0 | D:1      | PaiMei the Demonspawn Necromancer began the quest for the
                  | Orb.
     0 | D:1      | Reached XP level 1. HP: 13/13 MP: 3/3
   251 | D:1      | Gained mutation: Your demonic aura sometimes causes spilled
                  | blood to erupt in flames. [demonic ancestry]
   251 | D:1      | Reached XP level 2. HP: 19/19 MP: 3/5
   451 | D:1      | Found a faded altar of an unknown god.
   752 | D:1      | Gained mutation: Your touch may inflict minor irresistible
                  | damage on your foes. [demonic ancestry]
   752 | D:1      | Reached XP level 3. HP: 25/25 MP: 4/6
   756 | D:1      | Learned a level 3 spell: Vampiric Draining
  1422 | D:2      | Reached skill level 1 in Fighting
  2303 | D:3      | Reached XP level 4. HP: 32/32 MP: 2/7
  2465 | D:3      | Reached skill level 5 in Necromancy
  2695 | D:3      | Gained mutation: You regenerate magic rapidly. [demonic
                  | ancestry]
  2695 | D:3      | Reached XP level 5. HP: 32/38 MP: 0/9
  2788 | D:3      | Found a shimmering blue altar of Sif Muna.
  3420 | D:4      | Learned a level 4 spell: Animate Dead
  3510 | D:4      | Gained mutation: When hurt, damage is shared between your
                  | health and your magic reserves. [demonic ancestry]
  3510 | D:4      | Reached XP level 6. HP: 20/46 MP: 7/10
  3757 | D:4      | Noticed an orc warrior
  3758 | D:4      | Noticed an orc warrior
  3785 | D:4      | Splashed by a jelly's acid

Illustrated notes

Levels and vault maps discovered:
D:1:      lightli_arrival_boilingwater, layout_loops_ring,
          hellmonk_ecumenical_altar_blasted, kennysheep_crisscross,
          chequers_serial_rivers_room_b, minmay_octomino_c4
D:2:      layout_basic
D:3:      layout_basic, mainiacjoe_overflow_tiny_flanked
D:4:      layout_rooms, nzn_wu_jian_council_hall, serial_demonic,
          serial_demonic_f, serial_demonic_a, serial_demonic_e,
          serial_demonic_d, serial_demonic_c, serial_demonic_c,
          lightli_corner_chamber

Skill      XL: |  1  2  3  4  5 |
---------------+----------------+-----
Stealth        | 2 |  2.0
Dodging        | 2 3 |  3.3
Fighting       | 1 2 |  2.9
Necromancy     | 5 |  5.6
Spellcasting   | 3 |  3.5

Action                     |  1- 3 |  4- 6 || total
---------------------------+-------+-------++-------
  Melee: Unarmed           |     4 |       ||     4
         Dagger            |     9 |    49 ||    58
         Touch             |     3 |     8 ||    11
   Cast: Necrotise         |    79 |    79 ||   158
   Stab: Distracted        |     1 |       ||     1
 Armour: Robe              |     7 |       ||     7
         Leather armour    |    23 |    94 ||   117
  Dodge: Dodged            |    14 |    76 ||    90
